 Dungeon Crawl Stone Soup version 0.30-a0-672-gc3a7216ad8 (webtiles) character file.

Game seed: 6728960378012883499

1237 bande the Cleaver (level 8, -4/64 (71) HPs)
             Began as a Hill Orc Fighter on Jan 19, 2023.
             Slain by a wight
             ... wielding a +0 battleaxe
              (8 damage)
             ... on level 6 of the Dungeon.
             The game lasted 00:07:59 (6422 turns).

bande the Cleaver (Hill Orc Fighter)                Turns: 6422, Time: 00:07:59

HP:   -4/64 (71)    AC: 13    Str: 19    XL:     8   Next: 49%
MP:   0/8           EV:  7    Int:  8    God:
Gold: 453           SH:  5    Dex: 12    Spells: 7/7 levels left

rFire   + . .      SeeInvis .    a - +0 war axe
rCold   . . .      Faith    .    c - +0 buckler
rNeg    . . .      Spirit   +    p - +0 chain mail
rPois   .          Reflect  .    (no helmet)
rElec   .          Harm     .    (no cloak)
rCorr   .          Rampage  .    x - +0 pair of gloves
Will    .....                    (no boots) Stlth
                                 w - amulet of guardian spirit
HPRegen 1.10/turn                l - ring of flight
MPRegen 0.11/turn                A - ring of protection from fire

@: flying, drained
A: iridescent scales 1, regeneration 1, evolution 1
a: Convert to Beogh


You were on level 6 of the Dungeon.
You visited 2 branches of the dungeon, and saw 7 of its levels.

You collected 453 gold pieces.

Inventory:

Hand Weapons
 a - a +0 war axe (weapon)
 v - a +0 war axe
Armour
 c - a +0 buckler (worn)
 o - a +0 ring mail of cold resistance
 p - a +0 chain mail (worn)
 x - a +0 pair of gloves (worn)
Jewellery
 i - a ring of ice
 l - a ring of flight (left hand)
 w - an amulet of guardian spirit (around neck)
 A - a ring of protection from fire (right hand)
Scrolls
 b - a scroll of poison {unknown}
 f - 3 scrolls of fear {unknown}
 g - 2 scrolls of vulnerability {unknown}
 j - 3 scrolls of teleportation {unknown}
 k - 5 scrolls of identify {unknown}
 m - 4 scrolls of blinking {unknown}
 n - a scroll of fog {unknown}
 s - a scroll of enchant weapon {unknown}
 t - a scroll of torment {unknown}
 u - 3 scrolls of amnesia {unknown}
 y - a scroll of immolation {unknown}
Potions
 d - a potion of might
 e - 2 potions of magic {unknown}
 h - 2 potions of curing
 q - a potion of mutation
 r - a potion of degeneration {unknown}
 z - a potion of heal wounds {unknown}
 B - a potion of flight


   Skills:
 + Level 6.3 Fighting
 + Level 9.5 Axes
 + Level 6.0 Armour
 + Level 4.8 Shields


You had 7 spell levels left.
You didn't know any spells.
Your spell library contained the following spells:

 Spells                   Type           Power      Damage    Failure   Level
 Kiss of Death            Conj/Necr      0%         2d5       99%         1
 Cigotuvi's Dreadful Rot  Necr/Pois/Air  0%         N/A       100%        2
 Confusing Touch          Hex            0%         N/A       100%        3
 Ozocubu's Armour         Ice            0%         N/A       100%        3
 Dispel Undead            Necr           0%         3d6       100%        4
 Alistair's Intoxication  Tmut/Pois      0%         N/A       100%        5
 Borgnjor's Vile Clutch   Necr/Erth      0%         N/A       100%        5
 Summon Forest            Summ/Tloc      0%         N/A       100%        5
 Death Channel            Necr           0%         N/A       100%        6
 Eringya's Noxious Bog    Tmut/Pois      0%         N/A       100%        6
 Ozocubu's Refrigeration  Ice            0%         4d7       100%        7
 Summon Hydra             Summ           0%         N/A       100%        7


Dungeon Overview and Level Annotations

Branches:
Dungeon (6/15)             Temple (1/1) D:4

Altars:
Dithmenos
Elyvilon
Okawaru
Sif Muna
Vehumet
Wu Jian
Yredelemnul
The Shining One


Innate Abilities, Weirdness & Mutations

You are partially covered in iridescent scales. (AC +2)
Your natural rate of healing is unusually fast.
You have hidden genetic potential.


Message History

Unknown command.
You bow before the missionary of Beogh.
It was a potion of curing.
You feel better.
You hear some strange, mumbled words.
A puff of flame appears from out of thin air!
The puff of flame hits you. You resist.
* * * LOW HITPOINT WARNING * * *
The wight hits you with a +0 mace.
* * * LOW HITPOINT WARNING * * *
You block the wight's attack.
It was a potion of mutation.
You feel extremely strange.
You feel a hidden potential growing inside you.
Iridescent scales grow over part of your body.
You begin to heal more quickly.
Something hits you but does no damage. The wight hits you but does no damage.
You block the wight's attack. The wight barely misses you.
It was a potion of flight.
You feel more buoyant.
An orc comes into view. It is wielding a +0 whip.
Something hits you but does no damage. The wight barely misses you.
You block the wight's attack. The wight hits you with a +1 scimitar.
* * * LOW HITPOINT WARNING * * *
Unknown command.
The orc priest shouts, "Join the one true god or die!"
You slash something!
Reactivating autopickup.
You feel a bit more experienced.
You hit the wight. You slash the wight! You barely miss the wight.
The orc priest shouts, "Join the one true god or die!"
The wight hits you with a +0 battleaxe.
* * * LOW HITPOINT WARNING * * *
The wight hits you with a +0 mace.
* * * LOW HITPOINT WARNING * * *
The wight hits you but does no damage.
Your Armour skill increases to level 6!
Unknown command.
An orc comes into view. It is wielding a +0 dagger.
The orc shouts!
The wight hits you with a +0 battleaxe!
You die...

#... .......
..... o......
#.....
.......
......
.o......
......
........
....##.......
####
#..........
...# #z@z.#
...# #z.o.#
...# #....#
...# ##...+
...# #..!#
...# #. #...#
...# #. #...#
.###
#.####...# +#
#.......##


You could see 3 wights, an orc priest and 2 orcs.

Vanquished Creatures
  An ogre (D:5)
  A necrophage (D:4)
  5 scorpions
  A hound (D:4)
  4 jellies
  A gnoll bouda (D:4)
  4 orc wizards
  Natasha (D:3)
  3 iguanas (D:5)
  15 gnolls
  12 adders
  3 white imps (D:5)
  An ufetubus (D:5)
  2 worms (D:3)
  2 dart slugs (D:1)
  8 orcs
  10 ball pythons
  8 endoplasms
  3 giant cockroaches
  9 goblins
  6 hobgoblins
  A jackal (D:2)
  2 quokkas
  3 bats (D:1)
  5 frilled lizards
  46 kobolds
  6 rats
163 creatures vanquished.

Notes
Turn   | Place    | Note
-------+----------+-------------------------------------------
     0 | D:1      | bande the Hill Orc Fighter began the quest for the Orb.
     0 | D:1      | Reached XP level 1. HP: 19/19 MP: 1/1
   194 | D:1      | Reached XP level 2. HP: 27/27 MP: 2/2
   600 | D:1      | Reached skill level 3 in Axes
   739 | D:1      | Reached XP level 3. HP: 32/33 MP: 3/3
  1096 | D:2      | Found an ornate altar of the Wu Jian Council.
  1477 | D:2      | Reached XP level 4. HP: 36/40 MP: 4/4
  1481 | D:2      | Reached skill level 4 in Axes
  2267 | D:3      | Noticed a scorpion
  2277 | D:3      | Killed a scorpion
  2278 | D:3      | Reached skill level 5 in Axes
  2278 | D:3      | Reached XP level 5. HP: 10/47 MP: 5/5
  2434 | D:3      | Found a faded altar of an unknown god.
  2860 | D:3      | Noticed Natasha
  2868 | D:3      | Killed Natasha
  3100 | D:3      | Reached XP level 6. HP: 55/55 MP: 6/6
  3408 | D:3      | Reached skill level 6 in Axes
  3512 | D:3      | Reached skill level 5 in Fighting
  3940 | D:3      | Identified the +1 spear of Meumar {flame, Will- Str+5
                  | Dex+7}
  3999 | D:3      | Reached XP level 7. HP: 29/61 MP: 7/7
  4001 | D:3      | Reached skill level 7 in Axes
  4226 | D:4      | Reached skill level 5 in Armour
  4567 | D:4      | Reached skill level 8 in Axes
  4669 | D:4      | Found a staircase to the Ecumenical Temple.
  4688 | Temple   | Entered the Ecumenical Temple
  4854 | D:4      | Found a basalt altar of Yredelemnul.
  4996 | D:4      | Found a shimmering blue altar of Sif Muna.
  5143 | D:5      | Entered Level 5 of the Dungeon
  5249 | D:5      | Reached XP level 8. HP: 53/70 MP: 8/8
  5566 | D:5      | Reached skill level 9 in Axes
  6419 | D:6      | Gained mutation: You have hidden genetic potential. [potion
                  | of mutation]
  6419 | D:6      | Gained mutation: You are partially covered in iridescent
                  | scales. (AC +2) [potion of mutation]
  6419 | D:6      | Gained mutation: Your natural rate of healing is unusually
                  | fast. [potion of mutation]
  6421 | D:6      | HP: 3/63 [wight/+0 mace (5)]
  6422 | D:6      | Slain by a wight

Illustrated notes

Levels and vault maps discovered:
D:1:      elethiomel_arrival_shortcut, layout_loops_corners, st_stairs_14
D:2:      layout_basic, basic_altar, minmay_pentomino_w4
D:3:      minmay_goblin_kobold_castle, layout_basic,
          nicolae_ecumenical_snake_handling, serial_park_tiny_2,
          nicolae_half_adder, uniq_natasha
D:4:      layout_rooms, mainiacjoe_overflow_concentric_impassable, tgw_sif,
          temple_fountains
D:5:      layout_basic
D:6:      layout_basic, hellmonk_bongcloud_opening, kennysheep_cross_room,
          kennysheep_dice
Temple:   minmay_temple_curvy_branch

Skill      XL: |  1  2  3  4  5  6  7  8 |
---------------+-------------------------+-----
Fighting       | 4 5 6 |  6.3
Axes           | 3 5 6 8 9 |  9.5
Armour         | 4 5 6 |  6.0
Shields        | 4 |  4.8

Action                   |  1- 3 |  4- 6 |  7- 9 || total
-------------------------+-------+-------+-------++-------
Melee: War axe           |    90 |   179 |   151 ||   420
  Use: Potion            |       |       |     3 ||     3
Armor: Scale mail        |    33 |     6 |       ||    39
       Chain mail        |       |   120 |    77 ||   197
Dodge: Dodged            |    42 |    93 |    57 ||   192
Block: Buckler           |    10 |    66 |    39 ||   115

Table legend: (Time is in decaauts)
 A = Elapsed time spent in this place.
 B = Non-inter-level travel time spent in this place.
 C = Inter-level travel time spent in this place.
 D = Time resting spent in this place.
 E = Time spent auto-exploring this place.
 F = Levels seen in this place.
 G = Mean time per level.
                   A        B        C        D        E       F      G
               +--------+--------+--------+--------+--------+-----+--------+
         Total |   6524 |   6497 |     27 |   1046 |   4332 |   7 |  932.0 |
       Dungeon |   6394 |   6367 |     27 |   1046 |   4243 |   6 | 1065.7 |
        Temple |    129 |    129 |      0 |      0 |     89 |   1 |  129.0 |
               +--------+--------+--------+--------+--------+-----+--------+

Top non-repeatable levels by time:
     D:3: 2317 daAuts
     D:5: 1125 daAuts
     D:1: 1040 daAuts
     D:2: 1027 daAuts
     D:4: 724 daAuts
     D:6: 158 daAuts
  Temple: 129 daAuts
